 Dungeon Crawl Stone Soup version 0.15-a0-134-gcf47855 (webtiles) character file.

723 Persuasio the Shield-Bearer (level 7, 0/52 HPs)
             Began as a Human Fighter on Apr 12, 2014.
             Slain by Menkaure (3 damage)
             ... on Level 5 of the Dungeon.
             The game lasted 00:19:59 (3810 turns).

Persuasio the Shield-Bearer (Human Fighter)         Turns: 3810, Time: 00:19:59

HP   0/52        AC 12     Str 24      XL: 7   Next: 59%
MP   7/7         EV  5     Int  8      God:
Gold 156         SH 21     Dex 13      Spells:  0 memorised,  6 levels left

rFire  + . .     SeeInvis +     a - +1,+0 long sword
rCold  + . .     Clarity  .     B - +0 chain mail (curse)
rNeg   . . .     Conserve .     c - +0 shield
rPois  +         rCorr    .     e - +0 helmet
rElec  +         rRot     .     (no cloak)
SustAb . .       Spirit   .     j - +0 pair of gloves
rMut   .         Warding  .     (no boots)
Saprov . . .     Stasis   .     (no amulet)
MR     .....                    z - cursed ring of see invisible
                                o - +6 ring of strength

@: not resistant to hostile enchantments, extremely unstealthy
A: no striking features
a: no special abilities


You were on level 5 of the Dungeon.
You were very hungry.

You visited 1 branch of the dungeon, and saw 5 of its levels.

You collected 156 gold pieces.

Inventory:

Hand weapons
 a - a +1,+0 long sword (weapon)
 f - a +0,+0 trident
 r - a +1,+2 sling
 y - the +0,+9 short sword of Thraclevo {drain, rElec Str+3 SInv, unknown}
   (You found it on level 4 of the Dungeon)

   A truly terrible weapon, it drains the life of those it strikes.
   It affects your strength (+3).
   It insulates you from electricity.
   It enhances your eyesight.
 A - a +0,+0 glaive
Missiles
 k - 54 stones
 l - 4 javelins (quivered)
 t - 2 poisoned darts
 w - 23 sling bullets
 F - an arrow
Armour
 c - a +0 shield (worn)
 e - a +0 helmet (worn)
 j - a +0 pair of gloves (worn)
 B - a cursed +0 chain mail (worn)
Magical devices
 E - a wand of enslavement (9)
Comestibles
 d - 5 bread rations
 g - 2 meat rations
 i - 12 strawberries
 C - an apple
Scrolls
 p - a scroll of random uselessness
 s - 2 scrolls of remove curse
Jewellery
 o - a +6 ring of strength (left hand)
 u - an uncursed ring of sustenance
 v - a +1 ring of protection
 z - a cursed ring of see invisible (right hand)
Potions
 b - a potion of restore abilities {unknown}
 m - 2 potions of brilliance
 q - a potion of curing
 x - a potion of haste {unknown}
 D - a potion of degeneration {unknown}


   Skills:
 + Level 3.4 Fighting
 * Level 3.5 Long Blades
 * Level 2.4 Throwing
 * Level 4.6 Armour
 + Level 2.7 Dodging
 + Level 0.2 Stealth
 * Level 4.8 Shields


You had 6 spell levels left.
You didn't know any spells.

Dungeon Overview and Level Annotations

Branches:
Dungeon (5/15)
 Temple: D:4-7

Altars:

Annotations:
D:4 Prince Ribbit
D:5 Eustachio; Menkaure; soonmide's ghost, experienced MfSk


Message History

You barely miss Menkaure.
Menkaure is moderately damaged.
Menkaure hits you but does no damage.
You barely miss Menkaure.
Menkaure is moderately damaged.
Menkaure hits you!
* * * LOW HITPOINT WARNING * * *
You hit Menkaure but do no damage.
Menkaure is moderately damaged.
You hear the hiss of an avalanche of sand, a long way away.
You block Menkaure's attack.
You slash Menkaure!
Menkaure is heavily damaged.
Menkaure gestures wildly while chanting.
Menkaure seems to speed up.
Drink which item? (? for menu, Esc to quit)
You feel better. Menkaure hits you!
* * * LOW HITPOINT WARNING * * *
Menkaure hits you.
You die...

#. #.# . #.. #..########
#.........# #.........#
#.# ######## #.........#
#.# #....... #.......).#
#.# #....... #..)...M@.#
#.# #....... #....(....#
#.###....... #.........#
#........... #...%(..(.#
#.####.##### #.........#
#.# #.#
........##.#####.####.##
........##.....5.......#
........########.#.....#
.......# #.#.....#


You could see Menkaure.

Vanquished Creatures
  Edmund (D:4)
  Sigmund (D:3)
  A centaur (D:5)
  Blork the orc (D:4)
  A hound (D:4)
  A worker ant (D:4)
  Ijyb (D:3)
  5 adders
  A gnoll (D:3)
  2 worms (D:3)
  An ufetubus (D:5)
  An iguana skeleton (D:4)
  A giant eyeball (D:5)
  5 giant geckos
  6 orcs (D:3)
  4 ball pythons
  4 giant cockroaches
  10 goblins
  6 hobgoblins
  4 jackals (D:1)
  3 quokkas
  9 bats
  2 giant newts
  10 kobolds
  A kobold skeleton (D:4)
  8 rats
90 creatures vanquished.

Vanquished Creatures (collateral kills)
  A crimson imp (D:5)
1 creature vanquished.

Grand Total: 91 creatures vanquished

Notes
Turn   | Place    | Note
--------------------------------------------------------------
     0 | D:1      | Persuasio, the Human Fighter, began the quest for the Orb.
     0 | D:1      | Reached XP level 1. HP: 18/18 MP: 1/1
   367 | D:1      | Reached XP level 2. HP: 20/24 MP: 2/2
   690 | D:2      | Reached XP level 3. HP: 16/29 MP: 3/3
  1346 | D:2      | Reached XP level 4. HP: 35/35 MP: 4/4
  1435 | D:3      | Reached skill level 1 in Dodging
  1632 | D:3      | Reached skill level 1 in Throwing
  1750 | D:3      | HP: 1/35 [poisoned by an adder]
  2122 | D:3      | Reached XP level 5. HP: 41/41 MP: 5/5
  2127 | D:3      | Noticed Ijyb
  2139 | D:3      | Killed Ijyb
  2139 | D:3      | Reached skill level 4 in Shields
  2245 | D:3      | Noticed Sigmund
  2277 | D:3      | Killed Sigmund
  2277 | D:3      | Reached XP level 6. HP: 19/47 MP: 6/6
  2778 | D:4      | Got a shimmering short sword
  2856 | D:4      | Noticed Blork the orc
  2887 | D:4      | Killed Blork the orc
  3184 | D:4      | Noticed Edmund
  3209 | D:4      | Killed Edmund
  3209 | D:4      | Reached XP level 7. HP: 25/52 MP: 7/7
  3314 | D:4      | Noticed Prince Ribbit
  3329 | D:5      | Entered Level 5 of the Dungeon
  3355 | D:5      | Noticed Eustachio
  3397 | D:5      | Noticed soonmide's ghost (experienced MfSk)
  3711 | D:5      | Paralysed by a giant eyeball for 3 turns
  3727 | D:5      | Noticed Menkaure
  3773 | D:5      | HP: 1/52 [centaur (4)]
  3810 | D:5      | Slain by Menkaure

Action                   |  1- 3 |  4- 6 |  7- 9 || total
-------------------------+-------+-------+-------++-------
Melee: Long sword        |    95 |   237 |    65 ||   397
Throw: Javelin           |       |     3 |     3 ||     6
       Stone             |       |     1 |       ||     1
Evoke: Wand              |       |       |     1 ||     1
  Use: Scroll            |     7 |     6 |     4 ||    17
       Potion            |       |     4 |     6 ||    10
